 Seeded DCSS version 0.30-a0-793-g160f7cfddd (webtiles) character file.

Game seed: 2869265305504195120 (custom seed)

161 timneilson the Shield-Bearer (level 5, 0/33 HPs)
             Began as a Gargoyle Fighter on Feb 19, 2023.
             Slain by Pargi (5 damage)
             ... on level 3 of the Dungeon.
             The game lasted 00:03:25 (2183 turns).

timneilson the Shield-Bearer (Gargoyle Fighter)     Turns: 2183, Time: 00:03:26

Health: 0/33       AC: 13    Str: 20    XL:     5   Next: 42%
Magic:  5/5        EV:  7    Int:  8    God:
Gold:   1140       SH:  5    Dex: 11    Spells: 4/4 levels left

rFire   . . .      SeeInvis .    a - +0 long sword
rCold   . . .      Faith    .    c - +0 buckler
rNeg    + . .      Spirit   .    l - +0 chain mail
rPois   ∞          Reflect  .    (no helmet)
rElec   +          Harm     .    (no cloak)
rCorr   +          Rampage  .    (no gloves)
Will    .....                    (no boots) Stlth
                                 (no amulet)
HPRegen 0.25/turn                e - ring of resist corrosion
MPRegen 0.09/turn                (no ring)

@: no status effects
A: sickness immunity, AC +4, negative energy resistance 1, electricity
resistance, torment resistance 1, petrification resistance
a: no special abilities


You were on level 3 of the Dungeon.
You visited 1 branch of the dungeon, and saw 3 of its levels.

You collected 1140 gold pieces.

Inventory:

Hand Weapons
 a - a +0 long sword (weapon)
Armour
 c - a +0 buckler (worn)
 l - a +0 chain mail (worn)
Jewellery
 e - a ring of resist corrosion (left hand)
 i - a ring of fire
Scrolls
 b - a scroll of silence {unknown}
 g - a scroll of enchant weapon {unknown}
 h - 7 scrolls of identify {unknown}
 k - 2 scrolls of enchant armour {unknown}
 n - a scroll of torment {unknown}
Potions
 d - a potion of might
 f - a potion of cancellation {unknown}
 j - a potion of brilliance {unknown}
 m - 2 potions of mutation {unknown}
 o - 2 potions of curing {unknown}


   Skills:
 + Level 3.7 Fighting
 * Level 2.9 Long Blades
 * Level 4.3 Armour
 + Level 1.0 Dodging
 * Level 4.4 Shields


You had 4 spell levels left.
You didn't know any spells.
Your spell library contained the following spells:

 Spells                   Type           Power      Damage    Failure   Level
 Sandblast                Erth           0%         2d4       99%         1
 Passwall                 Tmut/Erth      0%         N/A       100%        2
 Stone Arrow              Conj/Erth      0%         3d7       100%        3


Dungeon Overview and Level Annotations

Branches:
Dungeon (3/15)

Altars:

Shops:
D:3 (

Annotations:
D:3 Pargi


Innate Abilities, Weirdness & Mutations

You are immune to sickness and miasma.
Your stone body is resilient. (AC +4)
You are immune to poison.
You resist negative energy. (rN+)
You are resistant to electric shocks. (rElec)
You are resistant to unholy torment.
You are immune to petrification.


Message History

Pargi claws you but does no damage. You block Pargi's attack.
You barely miss Pargi.
Pargi is moderately wounded.
Pargi bites you. You block Pargi's attack. x2
You barely miss Pargi.
Pargi is moderately wounded.
Pargi bites you. Pargi claws you but does no damage. x2
You closely miss Pargi.
Pargi is moderately wounded.
Pargi bites you. Pargi claws you but does no damage. You block Pargi's attack.
Pargi barely misses you. x2; You block Pargi's attack.
You closely miss Pargi.
Pargi is lightly wounded.
Pargi bites you!
* * * LOW HITPOINT WARNING * * *
Pargi closely misses you. Pargi claws you.
* * * LOW HITPOINT WARNING * * *
You hit Pargi.
Pargi is moderately wounded.
Pargi barely misses you. Pargi claws you but does no damage. x2
You barely miss Pargi.
Pargi is moderately wounded.
Pargi bites you but does no damage. Pargi claws you but does no damage.
Pargi closely misses you.
You closely miss Pargi.
Pargi is moderately wounded.
Pargi bites you but does no damage. Pargi claws you but does no damage. x2
Pargi bites you but does no damage. Pargi claws you but does no damage.
You block Pargi's attack.
You hit Pargi but do no damage.
Pargi is lightly wounded.
Pargi barely misses you. You block Pargi's attack.
Pargi claws you but does no damage.
You closely miss Pargi.
Pargi is lightly wounded.
Pargi barely misses you. Pargi claws you but does no damage. x2
You slash Pargi!
Pargi is moderately wounded.
Pargi bites you.
You die...

##.#.......
.....###.....###.#
#.............##..
#....###...#.#####
..#.# ##.#..# #
#>#. #.##.# # #..
#.##.# #
###T#######.##.# #
#..@.....>.>##.# #
#.#..####### #.# #
#?#..# #.#####
#.<..# #....).
#.#..# #######
#.#..# ######## #
#..########.......
#..†........######
##.##########


You could see Pargi.

Vanquished Creatures
  Natasha (twice) (D:3)
  2 adders (D:2)
  2 gnolls
  2 worms
  3 dart slugs
  An orc (D:3)
  3 endoplasms (D:3)
  A giant cockroach (D:1)
  8 goblins
  3 hobgoblins (D:1)
  5 jackals
  A kobold (D:2)
  4 quokkas
  10 ball pythons
  4 bats
  5 frilled lizards
  8 rats
64 creatures vanquished.

Notes
Turn   | Place    | Note
-------+----------+-------------------------------------------
     0 | D:1      | timneilson the Gargoyle Fighter began the quest for the
                  | Orb.
     0 | D:1      | Reached XP level 1. HP: 14/14 MP: 1/1
   140 | D:1      | Reached XP level 2. HP: 19/19 MP: 2/2
   581 | D:1      | Reached XP level 3. HP: 23/23 MP: 3/3
  1245 | D:2      | Identified the +6 quarterstaff "Daifyann" {elec, +Blink
                  | rPois Dex+2}
  1260 | D:2      | Identified a scroll of acquirement
  1260 | D:2      | Acquired 1032 gold pieces
  1271 | D:2      | Reached XP level 4. HP: 28/28 MP: 4/4
  1646 | D:3      | Noticed Natasha
  1654 | D:3      | Killed Natasha
  1811 | D:3      | Reached XP level 5. HP: 33/33 MP: 5/5
  1844 | D:3      | Found Ygeghuah's Antique Weapon Boutique.
  1919 | D:3      | Reached skill level 1 in Dodging
  2003 | D:3      | Noticed Natasha
  2026 | D:3      | Killed Natasha
  2153 | D:3      | Noticed Pargi
  2183 | D:3      | Slain by Pargi

Illustrated notes

Levels and vault maps discovered:
D:1:      nagdon_arrival_double_spiral, layout_basic
D:2:      layout_loops_ring, serial_bayou_pond_d, minmay_pentomino_z4
D:3:      layout_loops_ring, serial_shops, shop, shop, shop,
          nicolae_diamond_shop, uniq_natasha, uniq_pargi

Skill      XL: |  1  2  3  4  5 |
---------------+----------------+-----
Long Blades    | 2 |  2.9
Shields        | 4 |  4.4
Armour         | 4 |  4.3
Dodging        | 1 |  1.0
Fighting       | |  3.7

Action                     |  1- 3 |  4- 6 || total
---------------------------+-------+-------++-------
  Melee: Long sword        |   138 |   130 ||   268
    Use: Scroll            |     1 |       ||     1
 Armour: Scale mail        |    65 |       ||    65
         Chain mail        |       |   122 ||   122
  Dodge: Dodged            |    72 |    52 ||   124
  Block: Buckler           |    33 |    37 ||    70

Table legend: (Time is in decaauts)
 A = Elapsed time spent in this place.
 B = Non-inter-level travel time spent in this place.
 C = Inter-level travel time spent in this place.
 D = Time resting spent in this place.
 E = Time spent auto-exploring this place.
 F = Levels seen in this place.
 G = Mean time per level.
                   A        B        C        D        E       F      G
               +--------+--------+--------+--------+--------+-----+--------+
         Total |   2285 |   2217 |     68 |     71 |   1541 |   3 |  761.7 |
       Dungeon |   2285 |   2217 |     68 |     71 |   1541 |   3 |  761.7 |
               +--------+--------+--------+--------+--------+-----+--------+

Top non-repeatable levels by time:
     D:1: 988 daAuts
     D:2: 756 daAuts
     D:3: 540 daAuts
